 Dungeon Sprint DCSS version 0.30-a0-465-g8901f6c8b5 (webtiles) character file.

Game seed: 1729325024562398464

26 rocky1 the Cudgeller (level 2, -3/42 HPs)
             Began as a Minotaur Fighter on Dec 19, 2022.
             Slain by a water elemental (7 damage)
             ... in the Dungeon (Sprint III: "The Ten Rune Challenge").
             The game lasted 00:00:50 (410 turns).

rocky1 the Cudgeller (Minotaur Fighter)              Turns: 410, Time: 00:00:51

Health: -3/42      AC:  6    Str: 20    XL:     2   Next: 89%
Magic:  1/1        EV:  9    Int:  5    God:
Gold:   32         SH:  4    Dex:  9    Spells: 1/1 levels left

rFire   . . .      SeeInvis .    a - +0 flail
rCold   . . .      Faith    .    c - +0 buckler
rNeg    . . .      Spirit   .    b - +0 scale mail
rPois   .          Reflect  .    (helmet restricted)
rElec   .          Harm     .    (no cloak)
rCorr   .          Rampage  .    (no gloves)
Will    .....      NoTele   +    (no boots)
Stlth   ..........               (no amulet)
HPRegen 0.27/turn                (no ring)
MPRegen 0.07/turn                (no ring)

@: berserking (expiring), engulfed (cannot breathe), very quick
A: horns 2, retaliatory headbutt
a: no special abilities


You were in the Dungeon.
You visited 1 branch You collected 32 gold pieces.

Inventory:

Hand Weapons
 a - a +0 flail (weapon)
Armour
 b - a +0 scale mail (worn)
 c - a +0 buckler (worn)
Scrolls
 j - a scroll of blinking
 k - 2 scrolls of torment {unknown}
 l - a scroll of enchant armour {unknown}
 n - 2 scrolls of identify
Potions
 d - a potion of might
 e - a potion of curing
 f - 2 potions of heal wounds
 g - a potion of haste
 h - 2 potions of magic
 m - 2 potions of flight {unknown}
 o - a potion of cancellation {unknown}
 p - 4 potions of mutation


   Skills:
 + Level 4.7 Fighting
 * Level 5.6 Maces & Flails
 - Level 3.6 Armour
 + Level 5.1 Shields


You had one spell level left.
You didn't know any spells.
Your spell library was empty.

Dungeon Overview and Level Annotations

Branches:
Dungeon (1/1)

Altars:


Innate Abilities, Weirdness & Mutations

You have a pair of horns on your head.
You reflexively headbutt those who attack you in melee.


Message History

You open the door.
Found 22 gold pieces and 2 potions of mutation.
There is an open door here.
You now have 17 gold pieces (gained 7).
k - a scroll labelled ITHATI RYRIT;
l - a scroll labelled FAOBRY SIOTEW
m - a red potion
Things that are here:
a potion of mutation; 2 potions of mutation
k - 2 scrolls labelled ITHATI RYRIT (gained 1)
n - 2 scrolls of identify;
o - a fizzy red potion;
m - 2 red potions (gained 1)
You see here a potion of mutation.
You now have 32 gold pieces (gained 15).
Things that are here:
a potion of mutation; 2 potions of mutation
p - a potion of mutation
p - 2 potions of mutation (gained 1)
p - 4 potions of mutation (gained 2)
There is an open door here.
You open the door.
A water elemental comes into view.
A red film seems to cover your vision as you go berserk!
You feel yourself moving faster!
You feel mighty!
You closely miss the water elemental. The water elemental hits you!!
The water elemental engulfs you in water!
You sock the water elemental!
The water elemental is heavily damaged.
Your lungs strain for air!
You block the water elemental's attack.
You sock the water elemental!
The water elemental is severely damaged.
Your lungs strain for air!
The water elemental hits you!
* * * LOW HITPOINT WARNING * * *
You hit the water elemental.
Your headbutt misses the water elemental.
The water elemental is almost destroyed.
* * * LOW HITPOINT WARNING * * *
Your lungs strain for air!
The water elemental hits you!
You die...

▓▓▓▓▓▓▓▓ ▓▓▓ <..#...####
##.# ...#......#####..#
..##.......#..#..#
##.##.##...#..#..# #+#+#
##.##.###..##'#..#......
#.####.##..###..@E.⌠....
.###..##.÷####...#...###
#.....##..###....# ⌠.#
###..##...##.....# .#
##..##....#......# #
#..###..##.#.....# #..#
#.. ####....# ▓▓▓▓ ▓▓▓
▓▓▓▓▓▓


You could see a water elemental.

Vanquished Creatures
  A human (D)
  A phantom (D)
  An endoplasm (D)
  3 rats (D)
6 creatures vanquished.

Notes
Turn   | Place    | Note
-------+----------+-------------------------------------------
     0 | D        | rocky1 the Minotaur Fighter began the quest for the Orb.
     0 | D        | Reached XP level 1. HP: 19/19 MP: 0/0
   191 | D        | Reached skill level 5 in Maces & Flails
   191 | D        | Reached XP level 2. HP: 8/28 MP: 1/1
   377 | D        | Reached skill level 5 in Shields
   405 | D        | Noticed a water elemental
   410 | D        | Slain by a water elemental

Illustrated notes

Levels and vault maps discovered:
D:        dungeon_sprint_mu [sprint_mu_entry_cave, sprint_mu_temple_rooms,
          sprint_mu_d1_horrors, sprint_mu_d2_genie, sprint_mu_d3_branching,
          sprint_mu_orc_legion, sprint_mu_elf_gauntlet, sprint_mu_hive_nellie,
          sprint_mu_lair_fedhas, sprint_mu_vaults_butterflies,
          sprint_mu_slime_circle, sprint_mu_swamp_cave, sprint_mu_snake_twists,
          sprint_mu_blade_basic, sprint_mu_crypt_chambers,
          sprint_mu_tomb_spiral, sprint_mu_vestibule_basic,
          sprint_mu_gehenna_hellfire, sprint_mu_dis_giant,
          sprint_mu_tartarus_statrot, sprint_mu_cocytus_islands, sprint_mu_zot1]

Skill      XL: |  1  2 |
---------------+-------+-----
Maces & Flails | 5 |  5.6
Shields        | 4 5 |  5.1
Fighting       | 4 |  4.7
Armour         | |  3.6

Action                   || total
-------------------------++-------
Melee: Flail             ||    30
       Headbutt          ||     4
  Use: Potion            ||     1
Armor: Scale mail        ||     6
Dodge: Dodged            ||     9
Block: Buckler           ||     6

Table legend: (Time is in decaauts)
 A = Elapsed time spent in this place.
 B = Non-inter-level travel time spent in this place.
 C = Inter-level travel time spent in this place.
 D = Time resting spent in this place.
 E = Time spent auto-exploring this place.
 F = Levels seen in this place.
 G = Mean time per level.
                   A        B        C        D        E       F      G
               +--------+--------+--------+--------+--------+-----+--------+
         Total |    416 |    416 |      0 |    293 |      0 |   1 |  416.0 |
       Dungeon |    416 |    416 |      0 |    293 |      0 |   1 |  416.0 |
               +--------+--------+--------+--------+--------+-----+--------+

Top non-repeatable levels by time:
       D: 416 daAuts
